 Dungeon Crawl Stone Soup version 0.25.1-2-g60ff931df9 (webtiles) character file.

Game seed: 15487854387810469280

17441 funkygono the Destroyer (level 12, -7/67 HPs)
             Began as a Gargoyle Conjurer on Sept 13, 2020.
             Was an Elder of Sif Muna.
             Mangled by a skeletal warrior
             ... wielding a +1 dire flail of flaming
              (20 damage)
             ... in a volcano on Sept 14, 2020.
             The game lasted 00:46:28 (17442 turns).

funkygono the Destroyer (Gargoyle Conjurer)        Turns: 17442, Time: 00:46:28

Health: -7/67      AC: 16    Str: 12    XL:     12   Next: 48%
Magic:  22/27      EV: 14    Int: 21    God:    Sif Muna [****..]
Gold:   823        SH:  0    Dex: 10    Spells: 31/34 levels left

rFire    . . .     SeeInvis +   y - +5 quarterstaff (chaos)
rCold    . . .     Gourm    .   (shield currently unavailable)
rNeg     + . .     Faith    .   a - +1 robe
rPois    ∞         Spirit   .   C - +2 helmet
rElec    +         Reflect  .   z - +0 cloak
rCorr    .         Harm     .   G - +0 pair of gloves
MR       .....                  (no boots)
Stlth    ++........             B - amulet of magic regeneration
HPRegen  0.21/turn              h - ring of wizardry
MPRegen  0.45/turn              E - ring of see invisible

@: mighty
A: negative energy resistance 1, electricity resistance, unbreathing,
petrification resistance, rot immunity, AC +8
a: Channel Magic, Forget Spell, Divine Exegesis, Renounce Religion


You were in a volcano.
You worshipped Sif Muna.
Sif Muna was greatly pleased with you.
You were not hungry.

You visited 2 branches of the dungeon, and saw 13 of its levels.
You also visited: Volcano.

You collected 823 gold pieces.

Inventory:

Hand Weapons
 y - a +5 quarterstaff of chaos (weapon)
Missiles
 b - 303 stones (quivered)
Armour
 a - a +1 robe (worn)
 z - a +0 cloak (worn)
 C - a +2 helmet (worn)
 G - a +0 pair of gloves (worn)
Magical Staves
 r - an uncursed staff of cold
Jewellery
 h - a ring of wizardry (left hand)
 l - an uncursed ring of resist corrosion
 v - an uncursed amulet of regeneration
 x - an uncursed ring of protection from magic
 B - an amulet of magic regeneration (around neck)
 E - a ring of see invisible (right hand)
 I - an uncursed ring of ice
Wands
 o - a wand of random effects (12)
 w - a wand of polymorph (5)
 F - a wand of disintegration (16)
 H - a wand of paralysis (8)
Scrolls
 f - 3 scrolls of fear
 g - 6 scrolls of teleportation
 p - 2 scrolls of identify
 u - 3 scrolls of magic mapping
 J - 2 scrolls of remove curse
 K - a scroll of blinking
Potions
 d - 3 potions of flight
 i - 3 potions of haste
 j - 5 potions of brilliance
 k - a potion of cancellation
 m - 2 potions of curing
 n - a potion of ambrosia
 s - 4 potions of lignification
 D - a potion of mutation
Comestibles
 c - 21 rations


   Skills:
 + Level 4.3 Fighting
   Level 2.0(2.9) Maces & Flails
 + Level 3.1(3.4) Staves
 + Level 6.1 Dodging
 - Level 3.0 Stealth
 + Level 11.9 Spellcasting
 + Level 13.7 Conjurations


You had 31 spell levels left.
You knew the following spells:

 Your Spells              Type           Power        Failure   Level  Hunger
a - Magic Dart            Conj           ####         0%          1    None
b - Searing Ray           Conj           ######       1%          2    None

Your spell library contained the following spells:

 Spells                   Type           Power        Failure   Level  Hunger
 Foxfire                  Conj/Fire      ####         1%          1    None
 Conjure Flame            Conj/Fire      #####...     1%          3    None
 Dazzling Flash           Conj/Hex       #####.       1%          3    None
 Fulminant Prism          Conj/Hex       #####.....   1%          4    None
 Iskenderun's Mystic Bla  Conj/Tloc      #####...     1%          4    None
 Sticky Flame             Conj/Fire      #####...     1%          4    None
 Corona                   Hex            ##.....      2%          1    None
 Summon Butterflies       Summ           ##......     2%          1    None
 Slow                     Hex            ##......     3%          2    None
 Fireball                 Conj/Fire      #####.....   3%          5    ####...
 Call Canine Familiar     Summ           ##......     6%          3    None
 Inner Flame              Hex/Fire       ##......     6%          3    None
 Portal Projectile        Hex/Tloc       ##....       6%          3    None
 Cause Fear               Hex            ##........   21%         4    None
 Leda's Liquefaction      Hex/Erth       ##........   21%         4    None
 Summon Ice Beast         Ice/Summ       ##......     21%         4    None
 Summon Mana Viper        Hex/Summ       ##......     50%         5    ####...
 Summon Hydra             Summ           ##........   100%        7    #######


Dungeon Overview and Level Annotations

Branches:
Dungeon (9/15)             Temple (0/1) D:6            Lair (4/6) D:9
 Spider (0/4) Lair:3          Orc (0/2) D:9         Volcano (1/1)
  Swamp: Lair:2-4    Shoals: Lair:2-4

Altars:
Ashenzari
Cheibriados
Dithmenos
Kikubaaqudgha
Nemelex Xobeh
Sif Muna
Vehumet
Xom
Yredelemnul
Zin

Shops:
D:7 ?

Annotations:
D:8 1 runed translucent door, diana's ghost, novice DsGl
Lair:1 exclusion: oklob plant


Innate Abilities, Weirdness & Mutations

You are resistant to torment.
Your stone body is resilient. (AC +8)
You are immune to poison.
You resist negative energy. (rN+)
You are resistant to electric shocks. (rElec)
You can survive without breathing.
You are immune to petrification.
You are immune to rotting.


Message History

The searing ray hits the skeletal warrior!
The skeletal warrior is severely damaged.
The skeletal warrior misses you.
The searing ray hits the skeletal warrior but does no damage.
The skeletal warrior is severely damaged.
The skeletal warrior closely misses you.
The searing ray hits the skeletal warrior!
The skeletal warrior is almost destroyed.
You finish channeling your searing ray.
The skeletal warrior hits you but does no damage.
Casting: Searing Ray (safe; 1% risk of failure)
Confirm with . or Enter, or press ? or * to list all spells.
Aiming: Searing Ray (safe; 1% risk of failure)
Press: ? - help, Shift-Dir - straight line, f/p - skeletal warrior
Aim: a skeletal warrior, wielding a +1 dire flail of flaming (almost destroyed)
The searing ray hits the skeletal warrior.
The skeletal warrior is almost destroyed. (Press . to maintain the ray.)
The skeletal warrior hits you with a +1 dire flail of flaming!!
You die...

###########
####.○°°.##..###
##..)###°.......##
#....○°°.........###
....§§≈°≈§.....z@..###
....§°○°≈≈§§§§.......##
.≈≈§§°○°°§§§§....∩.∩..#
≈≈≈≈§○○°°§§§§§§........#
≈≈§≈≈☼≈°≈§≈≈≈§§≈........#
≈≈≈≈§☼°≈≈≈≈≈§≈§≈≈≈≈§≈....
§§≈§≈○§°≈≈§≈§§§§≈§≈≈≈≈.§.
≈§≈≈≈≈°°°§≈§§≈§≈≈≈≈≈§≈≈≈.
≈§≈§§≈○°☼8§≈§§°°○○°§≈°≈≈≈


You could see a skeletal warrior.

Vanquished Creatures
  Harold (D:6)
  A hydra (Lair:2)
  An ugly thing (D:9)
  2 elephants (Lair:3)
  A black mamba (Lair:3)
  3 spiny frogs
  2 gargoyles (Volcano)
  3 komodo dragons
  A harpy skeleton (Volcano)
  Prince Ribbit (D:7)
  4 blink frogs
  7 hippogriffs
  2 flying skulls (Volcano)
  An alligator skeleton (Volcano)
  A wyvern (D:8)
  15 yaks
  3 hogs (D:7)
  A hungry ghost (D:8)
  Eustachio (D:6)
  A basilisk (Lair:3)
  A human (D:7)
  5 wargs (D:9)
  3 water moccasins
  2 orc warriors (D:9)
  A black bear (D:7)
  A porcupine (Lair:2)
  2 sky beasts
  A hornet zombie (D:6)
  An ice beast (D:7)
  4 ogres
  2 phantoms (D:4)
  2 centaurs
  22 wolves
  4 crocodiles
  A big kobold (D:8)
  A gnoll sergeant (D:6)
  4 bullfrogs
  3 scorpions
  3 howler monkeys
  A vampire bat (Lair:3)
  A spriggan skeleton (Volcano)
  4 crimson imps
  A bullfrog zombie (D:9)
  6 hounds
  3 jellies
  A quasit (D:8)
  Crazy Yiuf (D:4)
  7 orc priests
  7 orc wizards
  2 bullfrog skeletons
  Jessica (D:2)
  3 iguanas (D:9)
  Ijyb (D:5)
  4 worker ants
  A killer bee zombie (D:7)
  A hound zombie (D:9)
  A hound skeleton (D:7)
  A worker ant zombie (D:8)
  Robin (D:2)
  10 gnolls
  9 adders
  2 shadow imps
  An ooze (D:6)
  An adder zombie (D:6)
  An adder skeleton (D:6)
  4 worms
  3 dart slugs
  9 leopard geckos
  28 orcs
  15 bats
  2 giant cockroaches
  23 goblins
  18 hobgoblins
  18 jackals
  13 kobolds
  8 quokkas
  2 ball pythons
  6 frilled lizards
  3 leopard gecko zombies
  A quokka zombie (D:5)
  14 rats
  2 plants (Lair:3)
356 creatures vanquished.

Vanquished Creatures (others)
  A flying skull (Volcano)
  4 plants (Lair:3)
5 creatures vanquished.

Grand Total: 361 creatures vanquished

Notes
Turn   | Place    | Note
-------+----------+-------------------------------------------
     0 | D:1      | funkygono the Gargoyle Conjurer began the quest for the
                  | Orb.
     0 | D:1      | Reached XP level 1. HP: 10/10 MP: 3/3
   308 | D:1      | Reached XP level 2. HP: 15/15 MP: 1/5
   312 | D:1      | Learned a level 2 spell: Searing Ray
   812 | D:1      | Reached skill level 5 in Conjurations
   922 | D:1      | Reached XP level 3. HP: 19/19 MP: 4/6
  1487 | D:2      | Reached XP level 4. HP: 10/24 MP: 0/7
  1921 | D:2      | Noticed Jessica
  1924 | D:2      | Killed Jessica
  2442 | D:2      | Reached XP level 5. HP: 28/28 MP: 1/9
  2566 | D:2      | Noticed Robin
  2577 | D:2      | Killed Robin
  3679 | D:3      | Reached skill level 6 in Conjurations
  3895 | D:3      | Found a faded altar of an unknown god.
  4158 | D:3      | Reached XP level 6. HP: 33/33 MP: 8/11
  5221 | D:4      | Noticed a phantom
  5251 | D:4      | Killed a phantom
  5251 | D:4      | Reached skill level 1 in Maces & Flails
  5251 | D:4      | Reached XP level 7. HP: 33/37 MP: 6/13
  5413 | D:4      | Reached skill level 1 in Fighting
  5488 | D:4      | Reached skill level 7 in Conjurations
  5836 | D:4      | Found a radiant altar of Vehumet.
  5838 | D:4      | Found a shadowy altar of Dithmenos.
  6062 | D:4      | Found a shattered altar of Ashenzari.
  6103 | D:4      | Found a runed translucent door.
  6104 | D:4      | Noticed Crazy Yiuf
  6143 | D:4      | Killed Crazy Yiuf
  6288 | D:5      | Entered Level 5 of the Dungeon
  6387 | D:5      | Reached skill level 5 in Spellcasting
  6565 | D:5      | Reached XP level 8. HP: 43/43 MP: 8/15
  6663 | D:5      | Noticed Ijyb
  6671 | D:5      | Killed Ijyb
  7258 | D:5      | Reached skill level 1 in Staves
  7458 | D:5      | Found a shimmering blue altar of Sif Muna.
  7464 | D:5      | Became a worshipper of Sif Muna the Loreminder
  7801 | D:6      | Reached skill level 8 in Conjurations
  8346 | D:6      | Found a snail-covered altar of Cheibriados.
  8452 | D:6      | Reached * piety under Sif Muna
  8516 | D:6      | Reached XP level 9. HP: 48/48 MP: 13/18
  8682 | D:6      | Found an ancient bone altar of Kikubaaqudgha.
  8748 | D:6      | Noticed Eustachio
  8754 | D:6      | Killed Eustachio
  8810 | D:6      | Found a staircase to the Ecumenical Temple.
  9087 | D:7      | Noticed Harold
  9399 | D:6      | Killed Harold
  9399 | D:6      | Reached skill level 9 in Conjurations
  9770 | D:7      | Found a glowing silver altar of Zin.
  9996 | D:7      | Found Owip's Magic Scroll Boutique.
  9999 | D:7      | Reached skill level 10 in Conjurations
 10262 | D:7      | Reached ** piety under Sif Muna
 10333 | D:7      | Noticed Prince Ribbit
 10341 | D:7      | Killed Prince Ribbit
 10341 | D:7      | Reached XP level 10. HP: 54/54 MP: 14/21
 10588 | D:7      | Reached skill level 11 in Conjurations
 11434 | D:8      | Found a runed translucent door.
 11434 | D:8      | Found a shimmering altar of Xom.
 11434 | D:8      | Noticed diana's ghost (novice DsGl)
 11434 | D:8      | Noticed a +1 trident of chaos
 11806 | D:8      | Found a basalt altar of Yredelemnul.
 11808 | D:8      | Found a sparkling altar of Nemelex Xobeh.
 11986 | D:9      | Noticed a red ugly thing
 11997 | D:9      | Killed a red ugly thing
 11997 | D:9      | Reached *** piety under Sif Muna
 12314 | D:9      | Found a staircase to the Orcish Mines.
 12421 | D:9      | Reached skill level 12 in Conjurations
 12507 | D:9      | Found a staircase to the Lair.
 12529 | D:9      | Reached XP level 11. HP: 59/59 MP: 19/24
 13303 | Lair:1   | Entered Level 1 of the Lair of Beasts
 13314 | D:9      | Reached skill level 10 in Spellcasting
 14095 | Lair:1   | Reached **** piety under Sif Muna
 14170 | Lair:1   | Noticed an oklob plant
 14499 | Lair:2   | Noticed an eight-headed hydra
 14507 | Lair:2   | Killed an eight-headed hydra
 14507 | Lair:2   | Reached skill level 5 in Dodging
 14846 | Lair:2   | Reached skill level 13 in Conjurations
 15725 | Lair:3   | Reached XP level 12. HP: 61/66 MP: 21/27
 15857 | Lair:3   | Found a hole to the Spider Nest.
 16917 | Lair:4   | Found a dark tunnel.
 16924 | Volcano  | Entered a volcano
 17391 | Volcano  | HP: 3/67 [skeletal warrior/+1 dire flail of flaming (6)]
 17442 | Volcano  | Mangled by a skeletal warrior

Illustrated notes

Levels and vault maps discovered:
D:1:      shiori_arrival_maze, layout_loops_ring, st_stairs_12
D:2:      layout_loops_cross, uniq_jessica, uniq_robin
D:3:      wander_river, layout_loops_corners, chequers_ecumenical_altar_lobes
D:4:      cheibrodos_greedy_goblins, layout_loops_ring, minitemple,
          ashenzari_conservatory_becter, minivault_19, minmay_bisected,
          uniq_crazy_yiuf_cottage
D:5:      wad_crossroads, layout_loops_corners, led_sif_pool, first_ration,
          uniq_ijyb
D:6:      layout_layer_cave, kennysheep_slug_shrine, kennysheep_mini,
          lemuel_temple_firewalk_b, uniq_eustachio
D:7:      layout_layer_cave, nicolae_overflow_crystal_walls, serial_shops,
          nicolae_shop_statue_plus, grunt_livestock, uniq_prince_ribbit1,
          uniq_harold
D:8:      layout_loops_ring, nemelex_xobeh_ov_fountains_minmay,
          ebering_ghost_xom, basic_altar
D:9:      layout_loops_corners, erik_lair_orcish_takeover,
          minmay_orc_entry_guard_dogs
Lair:1:   layout_big_grid, minmay_lair_oklob_bushes, st_stairs_7
Lair:2:   layout_chaotic_city
Lair:3:   layout_roguey, dummy_spider_entry, roderic_batcave, grunt_megastairs_2
Lair:4:   layout_regular_city, swamp_mist, lightli_volcano_entry_magma_tube,
          beast_lair_carwin_4, serial_bayou_shore_a
Volcano:  volcano_tomb [vts_original]

Skill      XL: |  1  2  3  4  5  6  7  8  9 10 11 12 |
---------------+-------------------------------------+-----
Conjurations   | 5 6 7 8 10 12 13 | 13.7
Spellcasting   | 3 4 5 6 7 9 11 | 11.9
Stealth        | 3 |  3.0
Dodging        | 2 3 4 5 6 |  6.1
Maces & Flails | 1 2 |  2.0
Fighting       | 1 2 3 4 |  4.3
Staves         | 2 3 |  3.1

Action                   |  1- 3 |  4- 6 |  7- 9 | 10-12 || total
-------------------------+-------+-------+-------+-------++-------
Melee: Unarmed           |    11 |     6 |       |       ||    17
       Club              |       |    10 |       |       ||    10
       Whip              |       |    14 |       |       ||    14
       Quarterstaff      |       |       |    24 |    12 ||    36
 Cast: Magic Dart        |    48 |   116 |   156 |   169 ||   489
       Searing Ray       |     5 |    23 |    52 |   130 ||   210
  Use: Scroll            |     3 |     6 |     8 |    12 ||    29
       Potion            |       |       |     1 |     5 ||     6
  Eat: Chunk             |     2 |    13 |    16 |    21 ||    52
       Ration            |       |       |       |     1 ||     1
Armor: Robe              |     4 |    12 |    22 |   135 ||   173
Dodge: Dodged            |    14 |    29 |    47 |   213 ||   303
